 Dungeon Crawl Stone Soup version 0.20-b1-2-gc5a9893 (webtiles) character file.

59647 tcpcsj the Bludgeoner (level 14, -16/187 HPs)
             Began as a Green Draconian Berserker on May 22, 2017.
             Was an Elder of Trog.
             Demolished by an enormous slime creature (62 damage)
             ... on level 1 of the Pits of Slime.
             The game lasted 01:00:18 (16528 turns).

tcpcsj the Bludgeoner (Green Draconian Berserker)  Turns: 16528, Time: 01:00:19

Health: -16/187    AC: 17    Str: 27    XL:     14   Next: 54%
Magic:  0/14       EV: 20    Int:  5    God:    Trog [****..]
Gold:   1592       SH:  7    Dex: 16    Spells: 13/13 levels left

rFire    . . .     SeeInvis .   T - +7 flail of False Accusations {freeze, rPois rN+++ Int-2 Dex+2}
rCold    . . .     Gourm    .   s - +1 buckler {AC+3}
rNeg     + + +     Faith    .   (armour unavailable)
rPois    +         Spirit   +   C - +2 hat
rElec    .         Reflect  .   h - +0 cloak
rCorr    +         Harm     .   k - +1 pair of gloves
MR       +....     Rnd*Tele +   d - +0 pair of boots
Stlth    ..........             S - amulet "Etakh" {Spirit Slay+2}
Regen    0.5/turn               A - ring of teleportation
MPRegen  0.2/turn               J - ring of resist corrosion

@: berserking, very quick
A: breathe noxious fumes, unfitting armour, horns 1, stinger 1, poison
resistance, teleportitis 2, wild magic 1, cold-blooded, AC +8
a: Breathe Noxious Fumes, Berserk, Trog's Hand, Brothers in Arms, Burn
Spellbooks, Renounce Religion


You were on level 1 of the Pits of Slime.
You worshipped Trog.
Trog was greatly pleased with you.
You were not hungry.

You visited 3 branches of the dungeon, and saw 20 of its levels.
You also visited: Sewer and Volcano.

You collected 1592 gold pieces.

Inventory:

Hand Weapons
 a - a +1 hand axe of chopping
 e - a +1 short sword of venom
 u - a +3 flail of freezing
 v - a +4 flail of protection
 z - a +3 dagger of distortion
 B - a +3 quarterstaff of chaos
 F - a +4 antimagic flail
 G - a +3 battleaxe of freezing
 O - a +6 war axe
 T - the +7 flail of False Accusations (weapon) {freeze, rPois rN+++ Int-2 Dex+2}
   (You found it on level 4 of the Lair of Beasts)

   It has been specially enchanted to freeze those struck by it, causing extra
   injury to most foes and up to half again as much damage against particularly
   susceptible opponents.
   It can also slow down cold-blooded creatures.
   It affects your intelligence (-2).
   It affects your dexterity (+2).
   It protects you from poison.
   It renders you almost immune to negative energy.
Missiles
 t - 8 poisoned tomahawks (quivered)
Armour
 d - a +0 pair of boots (worn)
 h - a +0 cloak (worn)
 k - a +1 pair of gloves (worn)
 s - a +1 buckler of protection (worn)
 C - a +2 hat (worn)
Jewellery
 A - a ring of teleportation (left hand)
 J - a ring of resist corrosion (right hand)
 S - the amulet "Etakh" (around neck) {Spirit Slay+2}
   (You found it on level 3 of the Lair of Beasts)

   [amulet of guardian spirit]

   It causes incoming damage to be split between your health and magic.
   It affects your accuracy and damage with ranged weapons and melee attacks
   (+2).
Wands
 o - a wand of iceblast (2/15)
 q - a wand of flame (27/48)
 r - a wand of acid (0/15)
 x - a wand of iceblast (0/15)
 D - a wand of polymorph (14/24)
 I - a wand of iceblast (4/15)
 U - a wand of clouds (2/9)
 W - a wand of lightning (4/15)
Scrolls
 f - a scroll of fog
 i - 4 scrolls of recharging
 j - 2 scrolls of blinking
 l - 13 scrolls of teleportation
 p - 4 scrolls of remove curse
 y - 2 scrolls of fear
 Z - 2 scrolls of identify
Potions
 g - 8 potions of curing
 m - 4 potions of mutation
 H - a potion of flight
 L - 2 potions of berserk rage
 N - 2 potions of might
 P - a potion of heal wounds
 Q - 2 potions of agility
 R - a potion of magic
 X - a potion of lignification
 Y - 2 potions of haste
Books
 M - a book of Party Tricks

   Spells                             Type                      Level
   a - Summon Butterflies             Summoning                    1
   b - Apportation                    Translocation                1
   c - Lesser Beckoning               Translocation                3
   d - Tukima's Dance                 Hexes                        3
   e - Alistair's Intoxication        Transmutation/Poison         5
   f - Invisibility                   Hexes                        6
   Trog disapproves of the use of such an item.
Miscellaneous
 c - a phial of floods
 w - a fan of gales
 E - a box of beasts
 K - a phantom mirror
Comestibles
 b - 9 bread rations
 n - 4 meat rations
 V - 2 royal jellies


   Skills:
 + Level 11.6 Fighting
 + Level 6.1(12.4) Axes
 * Level 16.4(16.8) Maces & Flails
 + Level 10.9 Dodging
 + Level 7.4 Stealth
 + Level 7.6 Shields
 + Level 1.1 Evocations


You had 13 spell levels left.
You didn't know any spells.

Dungeon Overview and Level Annotations

Branches:
Dungeon (13/15)            Temple (0/1) D:5            Lair (6/6) D:9
  Swamp (0/4) Lair:4        Snake (0/4) Lair:3        Slime (1/5) Lair:6
    Orc (0/2) D:12         Vaults (0/5) D:13

Altars:
Cheibriados
Dithmenos
Elyvilon
Fedhas
Gozag
Hepliaklqana
Makhleb
Qazlal
Trog
Vehumet
Xom
Zin
The Shining One
Jiyva

Shops:
D:4 (   D:5 (*(   D:6 =   D:8 *   D:12 [(

Portals:
Ice
Cave: D:13

Annotations:
D:9 1 runed door
Lair:4 exclusion: 3 oklob plants


Innate Abilities, Weirdness & Mutations

You can breathe blasts of noxious fumes.
Your lurid green scales are hard. (AC +8)
You cannot fit into any form of body armour.
Your tail ends in a poisonous barb.
Your system is resistant to poisons. (rPois)
You are cold-blooded and may be slowed by cold attacks.
You have a pair of small horns on your head.
You are sometimes teleported next to monsters.
Your spells are a little harder to cast, but a little more powerful.


Message History

You sock the very large slime creature!
You freeze the very large slime creature.
You headbutt the very large slime creature.
You tail-slap the very large slime creature.
The very large slime creature is heavily wounded.
You block the azure jelly's attack. The azure jelly hits you.
The azure jelly freezes you! The azure jelly hits you.
The azure jelly hits you but does no damage.
Two slime creatures merge to form an enormous slime creature.
The slime creature hits you but does no damage.
A red film seems to cover your vision as you go berserk!
You feel yourself moving faster!
You feel mighty!
You feel a lot more hungry. The azure jelly hits you.
The azure jelly freezes you!!
* * * LOW HITPOINT WARNING * * *
The azure jelly hits you but does no damage.
The azure jelly hits you.
* * * LOW HITPOINT WARNING * * *
The azure jelly hits you but does no damage.
You block the slime creature's attack. The enormous slime creature hits you!!!
You die...

..............#..
.................
.................
................J
...................
...................
#.....J...>......
##...@J..........
#.....J..........
#.......#.....#..
#...#..<........##
#.#................
........#..........
#.##...###.........
....... #.........
...... .....#....


You could see an azure jelly, an enormous slime creature and a slime creature.

Vanquished Creatures
  Rupert (Lair:6)
  Gastronok (D:8)
  Nessos (Lair:6)
  7 hydras
  A catoblepas (Lair:6)
  2 centaur warriors
  4 two-headed ogres
  The ghost of IjonTichy1 the Thaumaturge, a journeyman BaIE of Cheibriados (Volcano)
  Urug (Lair:3)
  Sonja (Lair:1)
  2 lindwurms
  Pikel (D:8)
  A shining eye (Slime:1)
  An ugly thing (D:11)
  A manticore (Lair:6)
  A cyclops (D:11)
  2 salamanders (Volcano)
  5 black mambas
  Maurice (D:10)
  15 spiny frogs
  7 rime drakes
  A kobold demonologist (D:11)
  4 komodo dragons
  The ghost of murphy the Chopper, an amateur MiBe of Trog (D:4)
  4 polar bears
  A troll (D:13)
  A wolf spider simulacrum (D:13)
  6 slime creatures
  A hornet (D:11)
  Prince Ribbit (Lair:1)
  10 blink frogs
  5 dream sheep (Lair:6)
  11 hippogriffs
  A vampire (D:12)
  3 wyverns
  3 wraiths
  2 shadows
  25 yaks
  4 basilisks
  3 fire bats (Volcano)
  Menkaure (D:7)
  2 hungry ghosts
  2 nagas (Lair:3)
  A hell hound (Volcano)
  A soldier ant (D:9)
  17 water moccasins
  3 sky beasts
  A slave (D:8)
  7 porcupines
  5 orc warriors
  An eye of draining (Slime:1)
  4 ice beasts
  A black bear (D:10)
  6 ogres
  A phantom (D:9)
  10 wolves
  18 crocodiles
  11 bullfrogs
  A wyvern skeleton (D:9)
  5 scorpions
  2 water moccasin skeletons (D:5)
  9 killer bees
  4 electric eels
  12 wights
  4 howler monkeys
  4 bullfrog zombies
  6 crimson imps
  2 centaur zombies
  2 jellies
  10 orc wizards
  Crazy Yiuf (D:7)
  3 orc priests (D:10)
  4 hounds
  An iguana (D:8)
  A bullfrog skeleton (D:5)
  4 centaur skeletons
  A hell rat (Lair:6)
  4 worker ants
  A bullfrog simulacrum (D:13)
  A hound zombie (D:11)
  3 hound skeletons
  A howler monkey zombie (D:5)
  2 worker ant zombies
  12 gnolls
  A howler monkey skeleton (D:9)
  23 adders
  2 shadow imps
  A white imp (D:7)
  An ooze (D:3)
  2 adder skeletons (D:4)
  An adder zombie (D:5)
  5 worms (D:4)
  2 leopard geckos (D:3)
  56 orcs
  9 bats
  3 giant cockroaches
  2 goblins (D:3)
  9 hobgoblins
  6 jackals
  10 kobolds
  4 quokkas
  2 ball pythons
  A ball python zombie (D:5)
  6 frilled lizards
  2 leopard gecko skeletons
  3 quokka zombies (D:5)
  5 rats (D:2)
  3 plants
495 creatures vanquished.

Vanquished Creatures (collateral kills)
  The ghost of MTVSty1e the Severer, a journeyman MiFi of Okawaru (Lair:6)
  The ghost of MTVSty1e the Fighter, a journeyman MiFi of Okawaru (Volcano)
  4 hydras
  A two-headed ogre (Volcano)
  A catoblepas (Lair:6)
  A death knight (D:12)
  The ghost of mike2R the Destroyer, a journeyman DECj of Vehumet (Volcano)
  A skeletal warrior (D:12)
  A manticore (Lair:6)
  A black mamba (Lair:6)
  Psyche (D:8)
  A centaur skeleton (D:13)
  A rime drake (Lair:6)
  A freezing wraith (D:12)
  A polar bear (Lair:6)
  A hornet (D:9)
  2 slime creatures (Slime:1)
  A blink frog (Lair:6)
  A wraith (D:12)
  A yak (Lair:6)
  A hungry ghost (D:9)
  A water moccasin (D:9)
  A soldier ant (D:13)
  An orc warrior (D:10)
  An ogre (D:8)
  A crocodile (Lair:6)
  2 killer bees (D:13)
  A hound (D:8)
  An orc priest (D:10)
  2 worker ants
  A leopard gecko (D:8)
  12 orcs (D:10)
49 creatures vanquished.

Vanquished Creatures (others)
  A slave (D:11)
  A centaur (Volcano)
  A jackal (D:8)
  7 fungi
  5 plants
  A withered plant (D:5)
16 creatures vanquished.

Grand Total: 560 creatures vanquished

Notes
Turn   | Place    | Note
-------+----------+-------------------------------------------
     0 | D:1      | tcpcsj the Draconian Berserker began the quest for the Orb.
     0 | D:1      | Reached XP level 1. HP: 19/19 MP: 1/1
   151 | D:1      | Reached XP level 2. HP: 26/26 MP: 2/2
   816 | D:2      | Reached XP level 3. HP: 27/31 MP: 3/3
   823 | D:2      | Reached ** piety under Trog
  1100 | D:2      | Found a burning altar of Makhleb.
  1260 | D:3      | Reached XP level 4. HP: 40/40 MP: 4/4
  1381 | D:3      | Reached skill level 1 in Stealth
  1472 | D:3      | Reached XP level 5. HP: 43/46 MP: 5/5
  1519 | D:3      | Found a snail-covered altar of Cheibriados.
  1701 | D:3      | Reached skill level 5 in Axes
  2149 | D:4      | Found a shimmering altar of Xom.
  2194 | D:4      | Found a radiant altar of Vehumet.
  2212 | D:4      | Found Puogguh's Antique Weapon Emporium.
  2285 | D:4      | Noticed murphy's ghost (amateur MiBe)
  2298 | D:4      | Killed murphy's ghost
  2298 | D:4      | Reached XP level 6. HP: 52/52 MP: 6/6
  2331 | D:4      | Reached *** piety under Trog
  2339 | D:4      | Your scales start taking on a lurid green colour.
  2339 | D:4      | Reached XP level 7. HP: 59/60 MP: 7/7
  2339 | D:4      | Gained mutation: Your system is resistant to poisons. (rPois) [Green Draconian growth]
  2493 | D:4      | Gained mutation: You are occasionally teleported next to monsters. [potion of mutation]
  2493 | D:4      | Gained mutation: You have a pair of small horns on your head. [potion of mutation]
  2493 | D:4      | Gained mutation: You are sometimes teleported next to monsters. [potion of mutation]
  2493 | D:4      | Gained mutation: Your spells are a little harder to cast, but a little more powerful. [potion of mutation]
  2657 | D:4      | Noticed a moth of wrath
  2660 | D:4      | Found a bloodstained altar of Trog.
  2886 | D:5      | Entered Level 5 of the Dungeon
  2886 | D:5      | Found Miorux's Weapon Shoppe.
  2901 | D:5      | Reached skill level 1 in Maces & Flails
  2922 | D:5      | Reached skill level 2 in Maces & Flails
  2970 | D:5      | Reached skill level 3 in Maces & Flails
  3010 | D:5      | Found a glowing drain.
  3071 | Sewer    | Entered a sewer
  3142 | Sewer    | Reached skill level 4 in Maces & Flails
  3310 | D:5      | Found Oloan's Assorted Antiques.
  3347 | D:5      | Found a staircase to the Ecumenical Temple.
  3391 | D:5      | Reached XP level 8. HP: 58/67 MP: 8/8
  3434 | D:5      | Found a glowing silver altar of Zin.
  3508 | D:5      | Reached skill level 5 in Fighting
  3508 | D:5      | Reached skill level 5 in Maces & Flails
  3508 | D:5      | Reached skill level 5 in Dodging
  3523 | D:5      | Found Fugif's Weapon Boutique.
  3685 | D:6      | Found an opulent altar of Gozag.
  3738 | D:6      | Found Remif's Jewellery Boutique.
  3821 | D:6      | Reached **** piety under Trog
  3821 | D:6      | Reached skill level 6 in Maces & Flails
  4051 | D:6      | Found a shadowy altar of Dithmenos.
  4073 | D:7      | Found a glowing golden altar of the Shining One.
  4212 | D:7      | Found a hazy altar of Hepliaklqana.
  4212 | D:7      | Found a blossoming altar of Fedhas.
  4279 | D:7      | Reached skill level 7 in Maces & Flails
  4369 | D:7      | Noticed Menkaure
  4379 | D:7      | Killed Menkaure
  4428 | D:7      | Reached XP level 9. HP: 61/74 MP: 9/9
  4497 | D:7      | Found a runed door.
  4634 | D:7      | Noticed Crazy Yiuf
  4638 | D:7      | Killed Crazy Yiuf
  4777 | D:7      | Reached skill level 8 in Maces & Flails
  4879 | D:8      | Noticed Gastronok
  4900 | D:8      | Killed Gastronok
  4900 | D:8      | Reached skill level 10 in Maces & Flails
  5037 | D:8      | Found a stormy altar of Qazlal.
  5052 | D:8      | Reached XP level 10. HP: 44/83 MP: 10/10
  5107 | D:8      | Noticed Psyche
  5117 | D:8      | Killed Psyche
  5229 | D:8      | Found Voampump's Serpentskin Sales.
  5239 | D:8      | Reached skill level 1 in Shields
  5444 | D:8      | Noticed Pikel
  5457 | D:8      | Killed Pikel
  5457 | D:8      | Reached skill level 11 in Maces & Flails
  5670 | D:9      | Found a runed door.
  6083 | D:9      | Found a runed door.
  6119 | D:9      | Reached skill level 12 in Maces & Flails
  6158 | D:9      | Noticed a four-headed hydra
  6181 | D:9      | Killed a four-headed hydra
  6181 | D:9      | Reached XP level 11. HP: 52/91 MP: 11/11
  6238 | D:9      | Noticed a two-headed ogre
  6246 | D:9      | Killed a two-headed ogre
  6351 | D:9      | Reached skill level 1 in Evocations
  6366 | D:9      | Found a white marble altar of Elyvilon.
  6443 | D:9      | Found a staircase to the Lair.
  6589 | D:9      | Reached ***** piety under Trog
  6780 | D:10     | Entered Level 10 of the Dungeon
  6890 | D:10     | Reached skill level 13 in Maces & Flails
  7035 | D:10     | Noticed a two-headed ogre
  7043 | D:10     | Killed a two-headed ogre
  7148 | D:10     | Noticed Maurice
  7158 | D:10     | Killed Maurice
  7877 | D:11     | Noticed a cyan ugly thing
  7932 | D:11     | Killed a cyan ugly thing
  8605 | D:12     | Reached skill level 14 in Maces & Flails
  8730 | D:12     | Found Utageong's Weapon Shoppe.
  8733 | D:12     | Found Jeodar's Armour Shoppe.
  8733 | D:12     | Found a staircase to the Orcish Mines.
  8815 | D:12     | Reached XP level 12. HP: 69/101 MP: 12/12
  8989 | D:12     | Noticed a death knight
  9004 | D:12     | Killed a death knight
  9023 | D:12     | Received a gift from Trog
  9027 | D:12     | Reached skill level 5 in Stealth
  9246 | D:12     | Noticed a two-headed ogre
  9252 | D:12     | Killed a two-headed ogre
  9434 | D:13     | Found a frozen archway.
  9602 | D:13     | Noticed a seven-headed hydra
  9618 | D:13     | Killed a seven-headed hydra
  9733 | D:13     | Noticed a centaur warrior
  9744 | D:13     | Killed a centaur warrior
  9769 | D:13     | Found a gate to the Vaults.
  9769 | D:13     | Noticed a centaur warrior
  9769 | D:13     | Noticed a vault guard
  9769 | D:13     | Noticed a vault guard
  9769 | D:13     | Noticed a vault guard
  9769 | D:13     | Noticed a vault guard
  9769 | D:13     | Noticed a two-headed ogre
  9851 | D:12     | Killed a centaur warrior
 10140 | Lair:1   | Entered Level 1 of the Lair of Beasts
 10169 | Lair:1   | Noticed a five-headed hydra
 10175 | Lair:1   | Killed a five-headed hydra
 10220 | Lair:1   | Noticed Prince Ribbit
 10351 | Lair:1   | Killed Prince Ribbit
 10427 | Lair:1   | Noticed Sonja
 10469 | Lair:1   | Killed Sonja
 11539 | Lair:2   | Reached XP level 13. HP: 89/111 MP: 13/13
 11792 | Lair:3   | Reached skill level 15 in Maces & Flails
 11823 | Lair:3   | Reached skill level 5 in Shields
 11825 | Lair:3   | Noticed Urug
 11850 | Lair:3   | Killed Urug
 12169 | Lair:3   | Found a staircase to the Snake Pit.
 12243 | Lair:3   | Got an ancient bone amulet
 12867 | Lair:4   | Found a staircase to the Swamp.
 13307 | Lair:4   | Reached skill level 10 in Fighting
 13552 | Lair:4   | Reached skill level 10 in Dodging
 13580 | Lair:4   | Got a slimy flail
 13581 | Lair:4   | Identified the +7 flail of False Accusations {freeze, rPois rN+++ Int-2 Dex+2} (You found it on level 4 of the Lair of Beasts)
 14866 | Lair:6   | Entered Level 6 of the Lair of Beasts
 14876 | Lair:6   | Found a viscous altar of Jiyva.
 14876 | Lair:6   | Found a staircase to the Slime Pits.
 14885 | Lair:6   | Noticed Rupert
 14922 | Lair:6   | Killed Rupert
 15048 | Lair:6   | Noticed Nessos
 15062 | Lair:6   | Killed Nessos
 15071 | Lair:6   | Gained mutation: Your tail ends in a poisonous barb. [Green Draconian growth]
 15071 | Lair:6   | Reached XP level 14. HP: 32/122 MP: 14/14
 15124 | Lair:6   | Reached skill level 16 in Maces & Flails
 15294 | Lair:6   | Identified the amulet "Etakh" {Spirit Slay+2} (You found it on level 3 of the Lair of Beasts)
 15321 | Slime:1  | Entered Level 1 of the Pits of Slime
 15321 | Slime:1  | Noticed an azure jelly
 15373 | Lair:6   | Found a dark tunnel.
 15378 | Volcano  | Entered a volcano
 15409 | Volcano  | Noticed mike2R's ghost (journeyman DECj)
 15416 | Volcano  | Noticed IjonTichy1's ghost (journeyman BaIE)
 15421 | Volcano  | Noticed MTVSty1e's ghost (journeyman MiFi)
 15433 | Volcano  | Killed mike2R's ghost
 15439 | Volcano  | Killed MTVSty1e's ghost
 15448 | Volcano  | Killed IjonTichy1's ghost
 15810 | Lair:6   | Identified Bediruy's Catalogue of Lightness
 16064 | Lair:6   | Noticed MTVSty1e's ghost (journeyman MiFi)
 16080 | Lair:6   | Killed MTVSty1e's ghost
 16528 | Slime:1  | Demolished by an enormous slime creature

Skill      XL: |  1  2  3  4  5  6  7  8  9 10 11 12 13 14 |
---------------+-------------------------------------------+-----
Dodging        | 3 4 5 6 7 9 10 | 10.9
Axes           | 4 5 6 |  6.1
Stealth        | 1 2 3 4 5 7 |  7.4
Fighting       | 4 5 6 8 9 10 11 | 11.6
Maces & Flails | 4 7 10 12 14 15 16 | 16.4
Shields        | 1 2 4 6 7 |  7.6
Evocations     | 1 |  1.1

Action                   |  1- 3 |  4- 6 |  7- 9 | 10-12 | 13-15 || total
-------------------------+-------+-------+-------+-------+-------++-------
Melee: Hand axe          |   103 |   105 |    14 |       |       ||   222
       Tailslap          |     5 |     9 |    44 |   139 |   117 ||   314
       Flail             |       |       |   275 |   902 |   639 ||  1816
       Headbutt          |       |       |    54 |   194 |   165 ||   413
Invok: Trog's Hand       |     1 |     3 |     2 |     9 |     8 ||    23
       Berserk           |       |     2 |     2 |     6 |     4 ||    14
       Brothers in Arms  |       |       |       |    11 |     9 ||    20
       Burn Spellbooks   |       |       |       |     1 |     2 ||     3
 Abil: Breathe Noxious F |       |       |     1 |     6 |     3 ||    10
Evoke: Wand              |       |       |       |     9 |       ||     9
  Use: Scroll            |       |       |    12 |    13 |     5 ||    30
       Potion            |       |       |     9 |     4 |     4 ||    17
 Stab: Sleeping          |     1 |       |     7 |    12 |    13 ||    33
       Distracted        |       |       |       |     1 |     2 ||     3
       Confused          |       |       |       |     1 |     1 ||     2
       Petrified         |       |       |       |       |     1 ||     1
  Eat: Chunk             |     1 |     1 |       |       |     2 ||     4
       Fruit             |       |     6 |     8 |     4 |    16 ||    34
       Meat ration       |       |     1 |     1 |     3 |     1 ||     6
       Royal jelly       |       |       |       |     2 |     2 ||     4
       Bread ration      |       |       |       |     3 |     1 ||     4
Armor: Skin              |    25 |    25 |   114 |   342 |   134 ||   640
Dodge: Dodged            |    83 |    70 |   223 |   665 |   402 ||  1443
Block: Buckler           |       |       |    12 |   194 |   170 ||   376
